 Dungeon Crawl Stone Soup version 0.18-a0-674-g00855b9 (webtiles) character file.

1096 xeno23 the Insei (level 8, -1/64 HPs)
             Began as a Human Monk on Dec 6, 2015.
             Was a Follower of Ru.
             Hit by a tomahawk thrown by an orc warrior (15 damage)
             ... on level 7 of the Dungeon.
             The game lasted 00:16:57 (5411 turns).

xeno23 the Insei (Human Monk)                       Turns: 5411, Time: 00:16:57

Health: -1/64      AC: 13    Str: 17    XL:     8   Next: 57%
Magic:  8/8        EV:  9    Int: 12    God:    Ru [*.....]
Gold:   266        SH:  0    Dex: 16    Spells: 0 memorised, 7 levels left

rFire  . . .     SeeInvis +       - Unarmed
rCold  + . .     Clarity  .     j - +1 chain mail "Mavergh" {rC+ Str+5 SInv} (curse)
rNeg   . . .     SustAt   .     (no shield)
rPois  +         Gourm    .     (no helmet)
rElec  .         Spirit   .     J - +2 cloak {rPois}
rCorr  +         Dismiss  .     (no gloves)
rMut   .         Stasis   .     s - +0 pair of boots
MR     .....                    w - amulet of resist corrosion
Stlth  ..........               (no ring)
                                (no ring)

@: not resistant to hostile enchantments, extremely unstealthy
A: magic vulnerability 1
a: Renounce Religion


You were on level 7 of the Dungeon.
You worshipped Ru.
Ru was aware of your devotion.
You were not hungry.

You visited 2 branches of the dungeon, and saw 8 of its levels.

You collected 266 gold pieces.

Inventory:

Missiles
 d - 8 javelins (quivered)
 f - 36 poisoned needles
 g - 4 needles of confusion
Armour
 j - the cursed +1 chain mail "Mavergh" (worn) {rC+ Str+5 SInv}
   (You found it on level 6 of the Dungeon)

   It affects your strength (+5).
   It protects you from cold.
   It lets you see invisible.
   It has a curse placed upon it.
 s - a +0 pair of boots (worn)
 u - the +1 robe of the Komtur {Int+10}
   (You found it on level 4 of the Dungeon)

   It affects your intelligence (+10).
 v - a +2 shield
 J - a +2 cloak of poison resistance (worn)
Jewellery
 w - an amulet of resist corrosion (around neck)
Scrolls
 a - 3 scrolls of identify
 m - 2 scrolls of blinking {unknown}
 p - a scroll of immolation {unknown}
 q - a scroll of fog {unknown}
 y - a scroll of amnesia {unknown}
 D - a scroll of recharging {unknown}
Potions
 c - 2 potions of cancellation
 e - 3 potions of heal wounds
 l - a potion of mutation {unknown}
 n - a potion of cure mutation {unknown}
 o - a potion of curing {unknown}
 r - a potion of might {unknown}
 t - 3 potions of ambrosia
 z - a potion of magic {unknown}
 A - a potion of haste {unknown}
 B - 2 potions of invisibility {unknown}
 C - a potion of agility {unknown}
 E - a potion of flight {unknown}
 G - a potion of lignification {unknown}
 H - a potion of beneficial mutation {unknown}
Books
 k - a book of the Warp

   Spells                             Type                      Level
   a - Recall                         Summoning/Translocation      3
   b - Gell's Gravitas                Hexes/Translocation          3
   c - Force Lance                    Conjuration/Translocation    4
   d - Phase Shift                    Translocation                5
   e - Warp Weapon                    Charms/Translocation         5
   f - Summon Forest                  Summoning/Translocation      5
Comestibles
 b - 5 bread rations
 h - 3 beef jerkies
 i - 4 chunks of flesh
 x - a meat ration
 I - 2 fruits


   Skills:
 + Level 5.7 Fighting
 + Level 5.6 Dodging
 - Level 2.0 Stealth
 * Level 7.7 Unarmed Combat


You had 7 spell levels left.
You didn't know any spells.

Dungeon Overview and Level Annotations

Branches:
Dungeon (7/15)             Temple (1/1) D:5

Altars:
Ashenzari
Cheibriados
Dithmenos
Elyvilon
Fedhas
Gozag
Kikubaaqudgha
Makhleb
Nemelex Xobeh
Pakellas
Qazlal
Ru
Sif Muna
Trog
Vehumet
Xom
Yredelemnul
Zin

Annotations:
D:3 xeno23's ghost, amateur HuMo
D:4 Grinder


Innate Abilities, Weirdness & Mutations

You are slightly vulnerable to magic.


Message History

The orc warrior hits you with a dire flail!
The orc hits you with a hand axe.
You take 19 damage.
You hit the orc warrior but do no damage.
The orc warrior is lightly wounded.
The orc warrior hits you with a dire flail!
You redirect the orc's attack!
The orc barely misses itself.
You take 13 damage.
You closely miss the orc warrior.
The orc warrior is lightly wounded.
The orc warrior hits you with a dire flail!
* * * LOW HITPOINT WARNING * * *
You take 7 damage.
The orc warrior throws a tomahawk.
The tomahawk hits you.
* * * LOW HITPOINT WARNING * * *
You see here a tomahawk.
You take 3 damage.
The orc warrior throws a tomahawk.
The tomahawk hits you!
You die...

...####...# ...........#
######### ............#
###........
............####.......#
............##8........#########
..........o.#.o@......###.......
............#...⌠.8..))......##
.h........(..o[......####.....#
..........####....8.## ##.....#
.........## #......# #.<....#
..........# #....(## ##......#
..........# ##...## #.......#
..........# ##### #.......#
..........# #......##


You could see an orc warrior and an orc.

Vanquished Creatures
  A phantom (D:6)
  A sky beast (D:6)
  A centaur (D:6)
  A wyvern zombie (D:6)
  2 giant frogs (D:6)
  3 killer bees (D:6)
  2 crimson imps
  3 hounds
  An orc priest (D:5)
  2 orc wizards
  2 worker ants (D:5)
  A hound zombie (D:5)
  A hound skeleton (D:5)
  7 adders
  2 shadow imps (D:6)
  A gnoll (D:2)
  An ooze (D:1)
  An adder skeleton (D:6)
  2 worms
  11 orcs
  4 ball pythons
  7 bats
  4 giant cockroaches
  8 hobgoblins
  3 jackals (D:2)
  2 quokkas
  4 giant geckos
  A giant gecko skeleton (D:5)
  6 giant newts
  6 goblins
  5 kobolds
  A quokka skeleton (D:4)
  A quokka zombie (D:5)
  6 rats
104 creatures vanquished.

Vanquished Creatures (others)
  An orc wizard (D:6)
1 creature vanquished.

Grand Total: 105 creatures vanquished

Notes
Turn   | Place    | Note
--------------------------------------------------------------
     0 | D:1      | xeno23 the Human Monk began the quest for the Orb.
     0 | D:1      | Reached XP level 1. HP: 18/18 MP: 1/1
   353 | D:1      | Reached XP level 2. HP: 18/24 MP: 2/2
   847 | D:1      | Reached XP level 3. HP: 14/29 MP: 3/3
  1372 | D:2      | Reached XP level 4. HP: 21/35 MP: 4/4
  1514 | D:2      | Found a stormy altar of Qazlal.
  1514 | D:2      | Noticed an air elemental
  1514 | D:2      | Noticed a fire elemental
  1514 | D:2      | Noticed an earth elemental
  1514 | D:2      | Noticed a water elemental
  2359 | D:3      | Noticed xeno23's ghost (amateur HuMo)
  2361 | D:3      | Reached skill level 5 in Unarmed Combat
  2361 | D:3      | Reached XP level 5. HP: 42/42 MP: 5/5
  2518 | D:4      | Noticed Grinder
  3030 | D:4      | Got a fine robe
  3041 | D:4      | Identified the +1 robe of the Komtur {Int+10} (You found it on level 4 of the Dungeon)
  3355 | D:5      | Entered Level 5 of the Dungeon
  3411 | D:5      | Reached XP level 6. HP: 40/48 MP: 6/6
  3682 | D:5      | Found a staircase to the Ecumenical Temple.
  4121 | D:6      | Reached skill level 6 in Unarmed Combat
  4198 | D:6      | Noticed a sky beast
  4224 | D:6      | Killed a sky beast
  4224 | D:6      | Reached XP level 7. HP: 47/55 MP: 7/7
  4362 | D:6      | Reached skill level 5 in Fighting
  4390 | D:6      | Reached skill level 5 in Dodging
  4457 | D:6      | Reached XP level 8. HP: 42/62 MP: 8/8
  4532 | D:6      | Reached skill level 7 in Unarmed Combat
  4571 | Temple   | Entered the Ecumenical Temple
  4699 | Temple   | Became a worshipper of Ru the Awakened
  4716 | Temple   | Gained mutation: You are slightly vulnerable to magic. [Ru sacrifice]
  4716 | Temple   | Reached * piety under Ru
  5024 | D:6      | Got a dazzling chain mail
  5035 | D:6      | Identified the cursed +1 chain mail "Mavergh" {rC+ Str+5 SInv} (You found it on level 6 of the Dungeon)
  5411 | D:7      | Hit by a tomahawk thrown by an orc warrior

Vault maps used:
D:1:      tarquinn_simple_flora_water_e, serial_co_window_serial,
          co_window_paths_a, co_window_paths_a, co_window_paths_b,
          co_window_of_opportunity_a, co_window_paths_a, co_window_corner_b,
          co_window_broadway_a, co_window_corner_cb, co_window_broadway_a,
          co_window_of_opportunity_c, co_window_2corner, co_window_paths_c,
          glass_columns_c, glass_columns_b, glass_columns_a, glass_columns_a,
          glass_columns_a
D:2:      first_bread, minmay_crystal_water, nicolae_qazlal_style_of_elements
D:4:      uniq_grinder
D:5:      minmay_temple_entry_from_below_a, corexii_checkpoint_a
D:7:      serial_column_ruins, column_ruins_square_small, column_ruins_hut,
          column_ruins_corridor_corner, column_ruins_columns_straight,
          column_ruins_grid_1, uniq_menkaure
Temple:   kilobyte_greek_temple_18

Action                   |  1- 3 |  4- 6 |  7- 9 || total
-------------------------+-------+-------+-------++-------
Melee: Unarmed           |   129 |   314 |   156 ||   599
Throw: Javelin           |     5 |       |     1 ||     6
Invok: Sacrifice Essence |       |       |     1 ||     1
  Use: Scroll            |       |     5 |       ||     5
       Potion            |       |     1 |       ||     1
 Stab: Sleeping          |     4 |     1 |       ||     5
  Eat: Chunk             |     1 |    10 |     4 ||    15
